 Dungeon Crawl Stone Soup version 0.19-a0-1697-g0595f0e (webtiles) character file.

83 FrankyJ the Grasshopper (level 4, -3/29 HPs)
             Began as a High Elf Warper on Sept 26, 2016.
             Slain by Sigmund
             ... wielding a +1 scythe of slicing
              (8 damage)
             ... on level 2 of the Dungeon.
             The game lasted 00:09:28 (2149 turns).

FrankyJ the Grasshopper (High Elf Warper)           Turns: 2149, Time: 00:09:29

Health: -3/29      AC:  4    Str: 11    XL:     4   Next: 22%
Magic:  10/10      EV: 12    Int: 16    God:
Gold:   117        SH:  0    Dex: 15    Spells: 2 memorised, 7 levels left

rFire  . . .     SeeInvis .     a - +0 short sword
rCold  . . .     Gourm    .     b - +0 leather armour
rNeg   . . .     Faith    .     (no shield)
rPois  .         Spirit   .     (no helmet)
rElec  .         Dismiss  .     (no cloak)
rCorr  .         Reflect  .     (no gloves)
MR     .....     Harm     .     (no boots)
Stlth  ++........               (no amulet)
                                (no ring)
                                (no ring)

@: no status effects
A: no striking features
a: no special abilities


You were on level 2 of the Dungeon.
You were not hungry.

You visited 1 branch of the dungeon, and saw 2 of its levels.

You collected 117 gold pieces.

Inventory:

Hand Weapons
 a - a +0 short sword (weapon)
Missiles
 m - 21 arrows
 n - 58 bolts
Armour
 b - a +0 leather armour (worn)
Scrolls
 d - a scroll of blinking
 g - 2 scrolls of teleportation
 i - a scroll of remove curse
 o - a scroll of identify
Potions
 j - a potion of degeneration
 k - a potion of ambrosia
 p - a potion of brilliance {unknown}
Books
 c - a book of Spatial Translocations

   Spells                             Type                      Level
   a - Apportation                    Translocation                1
   b - Blink                          Translocation                2
   c - Shroud of Golubria             Charms/Translocation         2
   d - Portal Projectile              Translocation                3
   e - Teleport Other                 Translocation                3
   f - Passage of Golubria            Translocation                4
Comestibles
 f - a bread ration
 l - a beef jerky
 q - 2 chunks of flesh


   Skills:
 - Level 2.0 Fighting
 - Level 3.1 Short Blades
 - Level 1.0 Throwing
 - Level 1.2 Armour
 - Level 2.1 Dodging
 + Level 1.7 Stealth
 + Level 3.6 Spellcasting
 + Level 3.8 Translocations


You had 7 spell levels left.
You knew the following spells:

 Your Spells              Type           Power        Failure   Level  Hunger
a - Apportation           Tloc           ###.......   6%          1    None
b - Blink                 Tloc           N/A          10%         2    ##.....


Dungeon Overview and Level Annotations

Branches:
Dungeon (2/15)

Altars:

Annotations:
D:2 Sigmund


Message History

Sigmund barely misses you.
You closely miss Sigmund.
Sigmund is severely wounded.
You hit Sigmund.
Sigmund is almost dead.
Sigmund barely misses you.
You closely miss Sigmund.
Sigmund is almost dead.
You barely miss Sigmund.
Sigmund is almost dead.
Sigmund hits you with a scythe of slicing!
You hit Sigmund but do no damage.
Sigmund is almost dead.
Sigmund gestures at you while chanting. The magic dart hits you!
* * * LOW HITPOINT WARNING * * *
You closely miss Sigmund.
Sigmund is almost dead.
Sigmund hits you with a scythe of slicing!
You die...

# ####....................
##########.(.........######...#.#
............########. ##.....#
...............# # #..##..<
.#############.# ##.###..# .# #.#
#.......# .# #.# #........ .#
#.######..##.......# .#
#..@@...#..........# ##
#######.############ # # # #


You could see Sigmund.

Vanquished Creatures
  2 adders
  A dart slug (D:1)
  2 leopard geckos
  A ball python (D:1)
  14 bats
  A giant cockroach (D:1)
  10 goblins
  6 hobgoblins
  7 jackals (D:1)
  4 kobolds
  A quokka (D:2)
  3 frilled lizards
  3 rats
55 creatures vanquished.

Notes
Turn   | Place    | Note
-------+----------+-------------------------------------------
     0 | D:1      | FrankyJ the High Elf Warper began the quest for the Orb.
     0 | D:1      | Reached XP level 1. HP: 14/14 MP: 4/4
   295 | D:1      | Reached skill level 1 in Armour
   323 | D:1      | Reached XP level 2. HP: 14/19 MP: 4/6
   365 | D:1      | Learned a level 2 spell: Blink
   684 | D:1      | Reached skill level 1 in Stealth
   879 | D:1      | Reached XP level 3. HP: 24/24 MP: 8/8
  1762 | D:2      | Reached XP level 4. HP: 18/29 MP: 10/10
  2133 | D:2      | Noticed Sigmund
  2149 | D:2      | Slain by Sigmund

Vault maps used:
D:1:      lemuel_arrival_lava_pool
D:2:      kennysheep_the_goblin_king, uniq_sigmund, uniq_iyjb, uniq_natasha

Skill      XL: |  1  2  3 |
---------------+----------+-----
Armour         | 1 |  1.2
Stealth        | 1 |  1.7
Spellcasting   | 3 |  3.6
Short Blades   | 3 |  3.1
Fighting       | |  2.0
Throwing       | |  1.0
Dodging        | |  2.1
Translocations | |  3.8

Action                   |  1- 3 |  4- 6 || total
-------------------------+-------+-------++-------
Melee: Short sword       |   203 |    47 ||   250
Throw: Tomahawk          |     2 |     3 ||     5
 Cast: Blink             |     2 |     1 ||     3
       Apportation       |     1 |     2 ||     3
  Use: Scroll            |       |     5 ||     5
 Stab: Sleeping          |     2 |     2 ||     4
  Eat: Chunk             |     3 |     1 ||     4
Armor: Leather armour    |    75 |    11 ||    86
Dodge: Dodged            |   137 |    34 ||   171
